 Dungeon Crawl Stone Soup version 0.31-a0-702-gf82c85558f (webtiles) character file.

Game seed: 1944316958683852327

2619 qw the Skirmisher (level 9, -1/57 HPs)
             Began as a Gargoyle Hunter on Sept 8, 2023.
             Was a Follower of Okawaru.
             Slain by Duvessa
             ... wielding a +0 rapier
              (5 damage)
             ... on level 7 of the Dungeon.
             The game lasted 00:03:11 (5049 turns).

qw the Skirmisher (Gargoyle Hunter)                 Turns: 5049, Time: 00:03:12

Health: -1/57      AC: 14    Str: 16    XL:     9   Next: 60%
Magic:  10/12      EV: 22    Int:  9    God:    Okawaru [*.....]
Gold:   289        SH:  0    Dex: 17    Spells: 8/8 levels left

rFire   . . .        Y - +2 shortbow
rCold   . . .        (shield currently unavailable)
rNeg    + . .        a - +0 robe "Maof" {Will+ Regen+ Slay-4}
rPois   inf          c - +0 helmet
rElec   +            (no cloak)
rCorr   .            (no gloves)
SInv    .            (no boots)
Will    +....        (no amulet)
Stlth   ++           f - +5 ring of evasion
HPRegen 1.09/turn    i - +4 ring of protection
MPRegen 0.13/turn

%: no passive effects
@: lit by a corona, about to teleport, heroic, glowing
A: sickness immunity, AC +6, negative energy resistance 1, electricity
resistance, torment resistance 1, petrification resistance
a: Renounce Religion, Heroism


You were on level 7 of the Dungeon.
You worshipped Okawaru.
Okawaru was aware of your devotion.
You visited 2 branches of the dungeon, and saw 8 of its levels.
You also visited: Sewer.

You collected 289 gold pieces.


Innate Abilities, Weirdness & Mutations

You are immune to sickness and miasma.
Your stone body is resilient. (AC +6)
You are immune to poison.
You resist negative energy. (rN+)
You are resistant to electric shocks. (rElec)
You are resistant to unholy torment.
You are immune to petrification.


   Skills:
 - Level 7.0(12.0) Fighting
 + Level 10.1(15.1) Ranged Weapons
 - Level 2.3(7.3) Armour
 - Level 3.7(8.7) Dodging
 - Level 1.1(6.1) Stealth
 - Level 4.2 Invocations


You had 8 spell levels left.
You didn't know any spells.
Your spell library was empty.

Inventory:

Hand Weapons
 Y - a +2 shortbow (weapon)
Armour
 a - the +0 robe "Maof" (worn) {Will+ Regen+ Slay-4}
   (You found it on level 5 of the Dungeon)

   Slay-4:    It affects your accuracy & damage with ranged weapons and melee
   (-4).
   Will+:     It increases your willpower.
   Regen+:    It increases your rate of health regeneration.
 c - a +0 helmet (worn)
 h - a +0 ring mail
Jewellery
 f - a +5 ring of evasion (left hand)
 i - a +4 ring of protection (right hand)
Scrolls
 j - 3 scrolls of teleportation
 k - a scroll of identify
Potions
 b - 2 potions of resistance
 d - a potion of cancellation
 e - 2 potions of curing
 n - a potion of haste {unknown}

Dungeon Overview and Level Annotations

Branches:
Dungeon (7/15)             Temple (1/1) D:5           Sewer (visited)

Altars:
Ashenzari
Cheibriados
Dithmenos
Elyvilon
Fedhas
Gozag
Hepliaklqana
Kikubaaqudgha
Makhleb
Nemelex Xobeh
Okawaru
Qazlal
Ru
Sif Muna
Trog
Uskayaw
Vehumet
Wu Jian
Xom
Yredelemnul
Zin
The Shining One

Shops:
D:1 =

Annotations:
D:7 Duvessa


Message History

The arrow hits Duvessa but does no damage.
Duvessa is lightly wounded.
Duvessa hits you but does no damage.
You shoot an arrow. The arrow completely misses Duvessa.
Duvessa barely misses you.
You shoot an arrow.
The arrow hits Duvessa but does no damage.
Duvessa is lightly wounded.
You feel like a meek peon again. Duvessa hits you with a +0 rapier!
5041 ||| INVOKING Heroism.
You gain the combat prowess of a mighty hero.
Duvessa barely misses you.
You shoot an arrow. The arrow barely misses Duvessa.
Duvessa misses you.
You shoot an arrow. The arrow hits Duvessa.
Duvessa is lightly wounded.
Duvessa closely misses you.
You shoot an arrow. The arrow hits Duvessa.
Duvessa is lightly wounded.
Duvessa hits you but does no damage.
You shoot an arrow. The arrow hits Duvessa.
Duvessa is moderately wounded.
Duvessa completely misses you.
You shoot an arrow. The arrow hits Duvessa!
Duvessa is heavily wounded.
Duvessa hits you but does no damage.
You shoot an arrow.
The arrow hits Duvessa but does no damage.
Duvessa is heavily wounded.
Duvessa misses you.
You shoot an arrow.
The arrow hits Duvessa but does no damage.
Duvessa is heavily wounded.
Duvessa hits you with a +0 rapier! Duvessa hits you with a +0 rapier!!
5049 ||| READING 4 scrolls of teleportation.
As you read the scroll of teleportation, it crumbles to dust.
You feel strangely unstable. Duvessa hits you with a +0 rapier.
You die...

# ###.# .# ....# .#
###.###. .#
........... ..
###.###...# .# # #.#
#...#### .#
###.###...##.####e#
.....##...#.....@)#
###..........######
##..................
..................##
#.#####...#######.#
#.# #...# # ..#
#)..# #.# #).##
..#####..#


You could see Duvessa (berserk).

Vanquished Creatures
  Pikel (D:7)
  A wyvern (D:7)
  3 water moccasins
  An orc warrior (D:6)
  A black bear (D:4)
  An ogre (D:5)
  2 lemures (D:7)
  2 bullfrogs (Sewer)
  2 scorpions
  7 wights
  Dowan (D:7)
  A hound (D:6)
  3 orc priests
  A gnoll bouda (D:5)
  5 iguanas
  A sleepcap (D:5)
  3 orc wizards
  9 gnolls (D:5)
  17 adders
  5 river rats (Sewer)
  2 ufetubi
  2 worms (D:2)
  12 orcs
  15 endoplasms
  3 giant cockroaches
  11 goblins
  5 hobgoblins
  4 jackals
  13 kobolds
  5 quokkas
  20 ball pythons
  4 bats (D:1)
  6 frilled lizards
  23 rats
192 creatures vanquished.

Notes
Turn   | Place    | Note
-------+----------+-------------------------------------------
     0 | D:1      | qw the Gargoyle Hunter began the quest for the Orb.
     0 | D:1      | Reached XP level 1. HP: 12/12 MP: 1/1
     0 | D:1      | 0 ||| qw: Version: 0.3-a-76-g4403597
     0 | D:1      | 0 ||| qw: Game counter: 1168
     0 | D:1      | 0 ||| qw: Melee chars always use a shield: true
     0 | D:1      | 0 ||| qw: God list: Okawaru
     0 | D:1      | 0 ||| qw: Allow faded altars: false
     0 | D:1      | 0 ||| qw: Do Orc after clearing Dungeon:15 true
     0 | D:1      | 0 ||| qw: Do second Lair branch before Depths: true
     0 | D:1      | 0 ||| qw: Lair rune preference: random
     0 | D:1      | 0 ||| qw: Goals: Normal
     0 | D:1      | 0 ||| PLANNING D:1-11
    67 | D:1      | Reached XP level 2. HP: 9/17 MP: 2/2
   198 | D:1      | Found a faded altar of an unknown god.
   201 | D:1      | Found Nyith's Jewellery Boutique.
   213 | D:1      | 213 ||| SHOPLISTING +5 ring of evasion (468 gold, have 7).
   213 | D:1      | 213 ||| SHOPLISTING amulet of regeneration (390 gold, have
                  | 7).
   213 | D:1      | 213 ||| SHOPLISTING ring of resist corrosion (260 gold,
                  | have 7).
   547 | D:1      | Reached XP level 3. HP: 21/21 MP: 3/3
   681 | D:1      | Reached skill level 5 in Ranged Weapons
   870 | D:1      | 870 ||| UPGRADING to +0 ring mail.
   880 | D:1      | 880 ||| DROPPING +0 leather armour.
   881 | D:1      | 881 ||| READING scroll labelled YMECRE QOTYWOS.
   882 | D:1      | 882 ||| DRINKING 2 ruby potions.
   916 | D:1      | 916 ||| DROPPING scroll of butterflies.
   917 | D:1      | 917 ||| DROPPING potion of lignification.
   975 | D:2      | Reached skill level 1 in Armour
  1090 | D:2      | Reached XP level 4. HP: 27/27 MP: 4/4
  1094 | D:2      | Reached skill level 3 in Fighting
  1541 | D:2      | 1541 ||| UPGRADING to +5 ring of evasion.
  1542 | D:2      | 1542 ||| READING scroll labelled WEHOESKAUR.
  1543 | D:2      | 1543 ||| READING scroll labelled BAVAIH DATZE.
  1544 | D:2      | 1544 ||| READING scroll labelled ZECURHE ICSE.
  1545 | D:2      | 1545 ||| DRINKING 2 inky potions.
  1641 | D:3      | Found a broken altar of Ashenzari.
  1645 | D:3      | Found a shimmering blue altar of Sif Muna.
  1649 | D:3      | Found a snail-covered altar of Cheibriados.
  1919 | D:3      | 1919 ||| UPGRADING to +0 helmet.
  1924 | D:3      | 1924 ||| READING 2 scrolls labelled TITUNK FAPE.
  1925 | D:3      | 1925 ||| READING scroll labelled WYRETE PAQASCH.
  1928 | D:3      | 1928 ||| DROPPING scroll of vulnerability.
  1939 | D:4      | 1939 ||| READING scroll of enchant weapon.
  1939 | D:4      | 1939 ||| ENCHANTING +1 shortbow.
  1945 | D:4      | Reached XP level 5. HP: 32/32 MP: 5/5
  1960 | D:4      | Reached skill level 6 in Ranged Weapons
  2127 | D:4      | Noticed a black bear
  2138 | D:4      | Killed a black bear
  2139 | D:4      | Reached XP level 6. HP: 27/39 MP: 6/6
  2564 | D:4      | 2564 ||| UPGRADING to +4 ring of protection.
  2565 | D:4      | 2565 ||| DROPPING ring of magical power.
  2566 | D:4      | 2566 ||| READING scroll labelled FIFAET FUQUSK.
  2567 | D:4      | 2567 ||| READING scroll labelled ECZURO PUACU.
  2585 | D:5      | Entered Level 5 of the Dungeon
  2585 | D:5      | Noticed a water moccasin
  2588 | D:5      | Killed a water moccasin
  2597 | D:5      | Reached skill level 7 in Ranged Weapons
  2601 | D:5      | Reached XP level 7. HP: 42/44 MP: 7/7
  2619 | D:5      | 2619 ||| Stepping ~*~*~tactically~*~*~ (outnumbered).
  2641 | D:5      | 2641 ||| FLEEEEING.
  2643 | D:5      | 2643 ||| FLEEEEING.
  2644 | D:5      | 2644 ||| FLEEEEING.
  2645 | D:5      | 2645 ||| FLEEEEING.
  2646 | D:5      | 2646 ||| STAIRDANCE
  2769 | D:5      | Reached skill level 8 in Ranged Weapons
  2803 | D:5      | Found a staircase to the Ecumenical Temple.
  2804 | D:5      | 2804 ||| PLANNING TEMPLE
  2804 | D:5      | 2804 ||| READING scroll labelled VIOVAT QICUME.
  2914 | Temple   | Entered the Ecumenical Temple
  2915 | Temple   | 2915 ||| PLANNING OKAWARU WORSHIP
  2924 | Temple   | Became a worshipper of Warmaster Okawaru
  2925 | Temple   | 2925 ||| PLANNING D:1-11
  3153 | D:5      | Identified the +0 robe "Maof" {Will+ Regen+ Slay-4}
  3182 | D:5      | Reached XP level 8. HP: 49/49 MP: 8/8
  3360 | D:5      | 3360 ||| UPGRADING to +0 robe "Maof" {Will+ Regen+ Slay-4}.
  3370 | D:5      | 3370 ||| READING 3 scrolls of identify.
  3370 | D:5      | 3370 ||| IDENTIFYING amethyst potion
  3371 | D:5      | 3371 ||| READING 2 scrolls of identify.
  3371 | D:5      | 3371 ||| IDENTIFYING golden potion
  3397 | D:6      | 3397 ||| PLANNING SEWER
  3646 | D:6      | Reached * piety under Okawaru
  3647 | D:6      | 3647 ||| INVOKING Heroism.
  3668 | D:6      | Reached skill level 9 in Ranged Weapons
  3707 | D:6      | 3707 ||| INVOKING Heroism.
  3739 | D:6      | 3739 ||| DRINKING 3 potions of curing.
  3739 | D:6      | 3739 ||| (to cure confusion)
  3875 | D:6      | Found a glowing drain.
  3876 | D:6      | 3876 ||| READING scroll labelled BASCHA RURUT.
  3877 | D:6      | 3877 ||| READING 4 scrolls of identify.
  3877 | D:6      | 3877 ||| IDENTIFYING yellow potion
  3878 | D:6      | 3878 ||| READING 3 scrolls of identify.
  3878 | D:6      | 3878 ||| IDENTIFYING grey potion
  3879 | D:6      | 3879 ||| DROPPING potion of attraction.
  3880 | D:6      | 3880 ||| DROPPING potion of brilliance.
  3885 | Sewer    | Entered a sewer
  3898 | Sewer    | 3898 ||| Stepping ~*~*~tactically~*~*~ (water).
  3911 | Sewer    | Reached skill level 6 in Fighting
  3912 | Sewer    | 3912 ||| Stepping ~*~*~tactically~*~*~ (water).
  3939 | Sewer    | 3939 ||| Stepping ~*~*~tactically~*~*~ (water).
  3955 | Sewer    | Reached skill level 1 in Invocations
  4030 | Sewer    | 4030 ||| Stepping ~*~*~tactically~*~*~ (water).
  4162 | Sewer    | 4162 ||| Stepping ~*~*~tactically~*~*~ (water).
  4175 | Sewer    | 4175 ||| INVOKING Heroism.
  4198 | Sewer    | 4198 ||| INVOKING Heroism.
  4244 | Sewer    | 4244 ||| READING scroll labelled KIROTHRA NAZUC.
  4245 | Sewer    | 4245 ||| READING 3 scrolls of identify.
  4245 | Sewer    | 4245 ||| IDENTIFYING bubbling puce potion
  4246 | Sewer    | 4246 ||| READING 2 scrolls of identify.
  4246 | Sewer    | 4246 ||| IDENTIFYING glowing dark potion
  4247 | Sewer    | 4247 ||| DROPPING potion of berserk rage.
  4248 | Sewer    | 4248 ||| DROPPING potion of invisibility.
  4252 | D:6      | 4252 ||| PLANNING D:1-11
  4619 | D:6      | 4619 ||| READING scroll labelled JYMAIZA HOOVUMN.
  4649 | D:7      | 4649 ||| STAIRDANCE
  4655 | D:6      | 4655 ||| INVOKING Heroism.
  4657 | D:6      | Reached XP level 9. HP: 40/55 MP: 8/11
  4692 | D:7      | Reached skill level 10 in Ranged Weapons
  4731 | D:7      | Reached skill level 3 in Invocations
  4810 | D:7      | Noticed Pikel
  4811 | D:7      | 4811 ||| RETREATING.
  4813 | D:7      | 4813 ||| INVOKING Heroism.
  4831 | D:7      | Killed Pikel
  4832 | D:7      | Reached skill level 3 in Dodging
  4844 | D:7      | 4844 ||| INVOKING Heroism.
  4933 | D:7      | 4933 ||| FLEEEEING.
  4946 | D:7      | 4946 ||| FLEEEEING.
  4947 | D:7      | 4947 ||| FLEEEEING.
  5013 | D:7      | Noticed Dowan
  5014 | D:7      | 5014 ||| INVOKING Heroism.
  5016 | D:7      | Noticed Duvessa
  5035 | D:7      | Killed Dowan
  5041 | D:7      | 5041 ||| INVOKING Heroism.
  5048 | D:7      | HP: 3/57 [Duvessa/+0 rapier (19)]
  5049 | D:7      | 5049 ||| READING 4 scrolls of teleportation.
  5049 | D:7      | Slain by Duvessa

Levels and vault maps discovered:
D:1:      ldierk_walled_garden, layout_loops_corners, serial_shops, shop,
          shapermc_ecumenical_altar_acropolis
D:2:      layout_rooms
D:3:      layout_rooms, chequers_temple_overflow_statue_of_worship
D:4:      layout_loops_ring
D:5:      layout_cave_pools, minmay_temple_entry_steel_oval
D:6:      layout_gridville, portal_sewer_entry_e, kennysheep_potato
D:7:      layout_loops_ring, uniq_pikel, uniq_duvessa
Temple:   hellmonk_temple_of_storms

Skill      XL: |  1  2  3  4  5  6  7  8  9 |
---------------+----------------------------+-----
Ranged Weapons | 5 6 7 8 9 10 | 10.1
Armour         | 1 2 |  2.3
Fighting       | 3 4 5 6 7 |  7.0
Dodging        | 2 3 |  3.7
Invocations    | 2 4 |  4.2
Stealth        | |  1.1

Action                     |  1- 3 |  4- 6 |  7- 9 || total
---------------------------+-------+-------+-------++-------
   Fire: Shortbow          |   100 |   195 |   610 ||   905
 Invoke: Heroism           |       |       |     9 ||     9
    Use: Scroll            |     1 |     8 |    11 ||    20
         Potion            |     1 |     1 |     1 ||     3
 Armour: Leather armour    |    13 |       |       ||    13
         Ring mail         |    12 |    58 |    36 ||   106
         Robe              |       |       |   184 ||   184
  Dodge: Dodged            |    23 |    87 |   413 ||   523

Table legend:
 A = Non-vault XP
 B = Vault XP
 C = Vault XP percentage of total XP
 D = Non-vault monster count
 E = Vault monster count
 F = Vault count percentage of total count
                 A         B        C        D         E       F
            +---------+---------+-------+---------+---------+-------
      Total |    2560 |    1182 |  31.6 |     140 |      50 |  26.3
            +---------+---------+-------+---------+---------+-------
        D:1 |      42 |       0 |   0.0 |      28 |       0 |   0.0
        D:2 |      78 |       0 |   0.0 |      22 |       0 |   0.0
        D:3 |      39 |       0 |   0.0 |      16 |       0 |   0.0
        D:4 |     252 |       0 |   0.0 |      22 |       0 |   0.0
        D:5 |     831 |       0 |   0.0 |      28 |       0 |   0.0
        D:6 |     625 |     145 |  18.8 |      14 |       1 |   6.7
        D:7 |     693 |     665 |  49.0 |      10 |       2 |  16.7
      Sewer |       0 |     372 | 100.0 |       0 |      47 | 100.0
            +---------+---------+-------+---------+---------+-------
